Map: Beckett Industries LE

Players

TETON

  • Race: Terran Terran
  • League: Gold

Grady - Winner!

  • Race: Protoss Protoss
  • League: Gold

VOD

Have the link to the VOD?

Description

Time

  • Played on: Oct. 17, 2021, 10:50 p.m.
  • Length: 6:52
Show
View Real Time Build Order
Export as new Build Order

TETON Terran 

Build Orders:  

Get SALT Encoding   

  12  0:00  SCV  
  13  0:12  SCV  
  14  0:18  Supply Depot  
  14  0:25  SCV  
  15  0:40  SCV  
  15  0:42  Barracks  
  16  0:46  Refinery  
  16  0:52  SCV  
  17  1:00  Refinery  
  17  1:04  SCV  
  18  1:16  SCV  
  19  1:28  SCV  
  19  1:30  Reaper  
  21  1:40  Orbital Command  
  21  1:50  Factory  
  21  1:59  Supply Depot  
  21  2:06  SCV  
  22  2:09  Barracks Reactor  
  22  2:18  SCV  
  23  2:30  SCV  
  23  2:34  Factory Tech Lab  
  23  2:35  Command Center  
  24  2:42  SCV  
  25  2:54  SCV  
  26  3:00  Siege Tank  
  26  3:05  Starport, Marine  
  29  3:06  Marine  
  29  3:10  Supply Depot  
  31  3:14  Infernal Pre-Igniter  
  31  3:17  SCV  
  31  3:32  SCV  
  31  3:33  Supply Depot  
  32  3:40  Siege Tank  
  35  3:41  Marine x2  
  37  3:54  Supply Depot  
  37  3:58  Engineering Bay  
  37  4:11  Marine x2  
  37  4:13  Medivac  
  41  4:17  Refinery  
  41  4:20  Orbital Command  
  41  4:23  SCV  
  42  4:29  Marine  
  43  4:33  Terran Infantry Weapons Level 1  
  43  4:35  SCV  
  43  4:37  Missile Turret  
  44  4:45  SCV  
  45  4:48  SCV  
  46  4:56  Barracks  
  46  4:57  SCV  
  47  5:00  Medivac  
  43  5:37  Marine  
  43  5:38  Medivac  
  46  5:45  Marine  
  47  5:54  Marine  
  43  6:03  Marine  
  28  6:12  Marine  
  28  6:21  Widow Mine, Marine  
  26  6:30  Marine  
Show
View Real Time Build Order
Export as new Build Order

Grady Protoss - Winner!

Build Orders:  

Get SALT Encoding   

  12  0:01  Probe  
  13  0:13  Probe  
  14  0:19  Pylon  
  14  0:25  Probe  
  15  0:37  Probe  
  15  0:39  Gateway  
  16  0:49  Probe  
  17  0:53  Assimilator  
  17  1:01  Probe  
  18  1:13  Pylon, Probe  
  20  1:25  Probe  
  20  1:27  Cybernetics Core  
  20  1:28  Zealot (Chrono Boost)  
  22  1:41  Gateway  
  22  1:57  Warp Gate (Chrono Boost)  
  22  2:06  Adept  
  24  2:15  Gateway  
  24  2:17  Gateway  
  24  2:26  Pylon  
  24  2:29  Pylon  
  24  2:31  Adept  
  25  3:23  Pylon  
  25  3:32  Pylon  
  25  3:40  Zealot x2  
  25  3:41  Zealot x2  
  33  4:01  Stalker x2  
  33  4:02  Stalker x2  
  41  4:24  Adept  
  41  4:25  Adept  
  41  4:27  Adept  
  41  4:28  Adept  
  49  4:53  Zealot  
  49  4:54  Zealot x3  
  57  5:07  Pylon  
  57  5:18  Stalker x2  
  57  5:19  Stalker  
  59  5:31  Zealot  
  39  5:55  Adept x2  
  39  5:56  Adept x2  
  43  6:13  Pylon  
  41  6:24  Stalker  
  41  6:25  Stalker x2  
  43  6:27  Zealot  
Tags
 
Add a new tag
Caveats
  • Supply blocks, unpowered buildings, or Contaminate may cause inaccurate times.
  • Supply counts are checked every 10 seconds.